 Dungeon Crawl Stone Soup version 0.31-a0-1066-g35875b34c7 (webtiles) character file.

Game seed: 228096475917893215

68 Chiseanne the Slasher (level 4, 34/34 HPs)
             Began as a Demonspawn Wanderer on Nov 22, 2023.
             Quit the game on level 2 of the Dungeon.
             The game lasted 00:03:36 (1366 turns).

Chiseanne the Slasher (Demonspawn Wanderer)         Turns: 1366, Time: 00:03:36

Health: 34/34      AC:  2    Str: 12    XL:     4   Next: 1%
Magic:  5/5        EV: 11    Int: 13    God:
Gold:   90         SH:  5    Dex: 15    Spells: 4/5 levels left

rFire   . . .        a - +2 falchion
rCold   . . .        b - +1 buckler
rNeg    . . .        d - +0 robe
rPois   .            (no helmet)
rElec   .            (no cloak)
rCorr   .            (no gloves)
SInv    .            (no boots)
Will    .....        (no amulet)
Stlth   ++           (no ring)
HPRegen 0.25/turn    (no ring)
MPRegen 0.18/turn

%: no passive effects
@: no status effects
A: powered by pain 1, magic regeneration, demonic touch 1
a: no special abilities


You were on level 2 of the Dungeon.
You visited 1 branch of the dungeon, and saw 2 of its levels.

You collected 90 gold pieces.

Inventory:

Hand Weapons
 a - a +2 falchion (weapon)
Missiles
 f - 6 poisoned darts (quivered)
 g - 2 stones
Armour
 b - a +1 buckler (worn)
 d - a +0 robe (worn)
Scrolls
 c - a scroll of fear
Potions
 e - 2 potions of haste {unknown}
 h - a potion of resistance {unknown}
 i - a potion of curing {unknown}


   Skills:
 * Level 2.4 Fighting
 - Level 2.6 Long Blades
 - Level 1.0 Throwing
 * Level 1.6 Dodging
 - Level 1.0 Stealth
 * Level 2.1 Shields
 - Level 1.0 Spellcasting
 - Level 1.0 Summonings
 - Level 1.2 Invocations


You had 4 spell levels left.
You knew the following spells:

 Your Spells              Type           Power      Damage    Failure   Level
a - Summon Small Mammal   Summ           12%        N/A       26%         1

Your spell library contained the following spells:

 Spells                   Type           Power      Damage    Failure   Level
 Slow                     Hex            0%         N/A       36%         1
 Summon Guardian Golem    Hex/Summ       1%         N/A       67%         3
 Confusing Touch          Hex            0%         N/A       75%         3
 Sigil of Binding         Hex            0%         N/A       75%         3
 Vampiric Draining        Necr           0%         2d6       75%         3
 Volatile Blastmotes      Fire/Tloc      0%         2d10      75%         3
 Fulminant Prism          Conj/Hex       0%         3d5       98%         4
 Iskenderun's Mystic Bla  Conj/Tloc      0%         2d3       98%         4


Dungeon Overview and Level Annotations

Branches:
Dungeon (2/15)

Altars:

Shops:
D:1 *:*[

Annotations:
D:2 1 runed translucent door, Crazy Yiuf


Innate Abilities, Weirdness & Mutations

You sometimes gain a little power by taking damage.
You regenerate magic rapidly.
Your touch may inflict minor irresistible damage on your foes.


Message History

You are too injured to fight recklessly!
You are too injured to fight recklessly!
You are too injured to fight recklessly!
You hit the iguana.
The iguana is severely wounded.
The iguana bites you!
* * * LOW HITPOINT WARNING * * *
You barely miss the iguana.
The iguana is severely wounded.
The iguana closely misses you.
You barely miss the iguana.
The iguana is severely wounded.
The iguana bites you.
* * * LOW HITPOINT WARNING * * *
You slash the iguana!
You kill the iguana!
Your Shields skill increases to level 2!
You see here an iguana corpse.
A giant cockroach comes into view.
There is an escape hatch in the floor here.
You see here a frilled lizard corpse.
There is a stone staircase leading up here.
A giant cockroach is nearby!
You hit the giant cockroach but do no damage.
The giant cockroach bites you.
The giant cockroach bites you but does no damage.
You hit the giant cockroach.
The giant cockroach is severely wounded.
The giant cockroach barely misses you. x2
You closely miss the giant cockroach.
The giant cockroach is severely wounded.
You block the giant cockroach's attack.
You slash the giant cockroach!
You kill the giant cockroach!
You have reached level 4!
You feel agile.
Your demonic ancestry asserts itself...
Your hands begin to faintly glow with unholy energy.
There is an escape hatch in the floor here.
A worm comes into view.
Are you sure you want to abandon this character and quit the game? (Confirm with "yes".)

##########.....##.........
#..#########.#### #..#
#..### #..# ##.... ##>##
##### #)..### # ##.#...# #
#.†###.# #@## #.# #..# #.#
#..## #.# #..# #.# ....
#.# ..... #.# ..... #.#
..w..


You could see a worm (asleep).

Vanquished Creatures
  An iguana (D:2)
  A dart slug (D:1)
  5 bats
  2 endoplasms
  4 giant cockroaches
  3 goblins
  3 hobgoblins
  2 jackals (D:1)
  A kobold (D:1)
  3 quokkas (D:1)
  4 ball pythons
  5 frilled lizards
  2 rats (D:2)
36 creatures vanquished.

Notes
Turn   | Place    | Note
-------+----------+-------------------------------------------
     0 | D:1      | Chiseanne the Demonspawn Wanderer began the quest for the
                  | Orb.
     0 | D:1      | Chiseanne set off with the following items: a +2 falchion,
                  | a +0 buckler, a scroll of fear, a +0 robe; and the
                  | following spell memorised: Summon Small Mammal; and the
                  | following spells available to memorise: Summon Guardian
                  | Golem.
     0 | D:1      | Reached XP level 1. HP: 15/15 MP: 2/2
   151 | D:1      | Found Iwicloko's Book Emporium.
   151 | D:1      | Noticed a walking frostbound tome
   153 | D:1      | Noticed a walking crystal tome
   192 | D:1      | Gained mutation: You sometimes gain a little power by
                  | taking damage. [demonic ancestry]
   192 | D:1      | Reached XP level 2. HP: 5/21 MP: 3/3
   257 | D:1      | Found Ittuleuk's General Store.
   481 | D:1      | Found Xoegh's Assorted Antiques.
   623 | D:1      | Reached skill level 1 in Dodging
   781 | D:1      | Found Zalaet's Antique Armour Boutique.
   963 | D:2      | Gained mutation: You regenerate magic rapidly. [demonic
                  | ancestry]
   963 | D:2      | Reached XP level 3. HP: 24/27 MP: 4/4
  1123 | D:2      | Found a runed translucent door.
  1124 | D:2      | Noticed Crazy Yiuf
  1282 | D:2      | Gained mutation: Your touch may inflict minor irresistible
                  | damage on your foes. [demonic ancestry]
  1282 | D:2      | Reached XP level 4. HP: 18/34 MP: 5/5
  1366 | D:2      | Quit the game

Illustrated notes

Levels and vault maps discovered:
D:1:      minmay_arrival_solitary_statue, layout_loops_ring, serial_shops, shop,
          shop, nicolae_shop_mannequins, nicolae_lakefront_shop,
          nicolae_kite_square_tiling_tiny, chequers_serial_rivers_micro_a
D:2:      layout_rooms, uniq_crazy_yiuf_cottage, uniq_robin

Skill      XL: |  1  2  3 |
---------------+----------+-----
Dodging        | 1 |  1.6
Fighting       | 2 |  2.4
Shields        | 2 |  2.1
Long Blades    | |  2.6
Throwing       | |  1.0
Stealth        | |  1.0
Spellcasting   | |  1.0
Summonings     | |  1.0
Invocations    | |  1.2

Action                     |  1- 3 |  4- 6 || total
---------------------------+-------+-------++-------
  Melee: Falchion          |   101 |       ||   101
  Throw: Dart              |     3 |       ||     3
    Use: Scroll            |     1 |       ||     1
   Stab: Sleeping          |     1 |       ||     1
 Armour: Robe              |    49 |       ||    49
  Dodge: Dodged            |    62 |       ||    62
  Block: Buckler           |    24 |       ||    24

Table legend: (Time is in decaauts)
 A = Elapsed time spent in this place.
 B = Non-inter-level travel time spent in this place.
 C = Inter-level travel time spent in this place.
 D = Time resting spent in this place.
 E = Time spent auto-exploring this place.
 F = Levels seen in this place.
 G = Mean time per level.
                   A        B        C        D        E       F      G
               +--------+--------+--------+--------+--------+-----+--------+
         Total |   1390 |   1353 |     37 |    100 |    944 |   2 |  695.0 |
       Dungeon |   1390 |   1353 |     37 |    100 |    944 |   2 |  695.0 |
               +--------+--------+--------+--------+--------+-----+--------+

Top non-repeatable levels by time:
     D:1: 968 daAuts
     D:2: 421 daAuts
